Map: Império Eterno LE

Players

HamiltonRC

  • Race: Terran Terran
  • League: Platinum
  • Spawn Location: 7:00

LowLinK - Winner!

  • Race: Protoss Protoss
  • League: Diamond
  • Spawn Location: 1:00

VOD

Have the link to the VOD?

Description

Time

  • Played on: Feb. 16, 2020, 2:13 p.m.
  • Length: 5:02
Show
View Real Time Build Order
Export as new Build Order

HamiltonRC Terran 

Build Orders: Reaper Expand 

Get SALT Encoding   

  12  0:01  SCV  
  13  0:13  SCV  
  14  0:17  Supply Depot  
  14  0:25  SCV  
  15  0:40  Barracks  
  16  0:46  Refinery  
  16  0:47  SCV  
  16  0:59  SCV  
  17  1:11  SCV  
  18  1:23  SCV  
  19  1:32  Reaper  
  20  1:36  Orbital Command  
  20  1:48  Command Center  
  20  1:55  Supply Depot  
  20  2:03  SCV  
  21  2:10  Factory  
  21  2:16  SCV  
  22  2:28  SCV  
  23  2:37  Barracks Tech Lab  
  23  2:40  SCV  
  24  2:46  Supply Depot  
  24  2:52  SCV  
  25  2:59  Bunker, Factory Tech Lab  
  25  3:10  Orbital Command  
  25  3:18  Marine, Stimpack  
  25  3:25  Refinery  
  25  3:28  SCV  
  26  3:36  Marine  
  26  3:40  SCV  
  28  3:44  SCV, Refinery  
  29  3:53  SCV  
  29  3:54  Marine, Starport  
  31  3:56  SCV  
  32  4:05  SCV  
  32  4:07  Supply Depot  
  32  4:08  SCV  
  34  4:12  Marine  
  35  4:17  SCV  
  36  4:26  Siege Tank  
  36  4:29  SCV  
  36  4:30  Marine  
  34  4:41  SCV  
Show
View Real Time Build Order
Export as new Build Order

LowLinK Protoss - Winner!

Build Orders:  

Get SALT Encoding   

  12  0:01  Probe  
  13  0:13  Probe  
  14  0:18  Pylon  
  14  0:25  Probe  
  15  0:37  Gateway  
  15  0:38  Probe (Chrono Boost)  
  16  0:48  Probe (Chrono Boost)  
  17  0:51  Assimilator  
  17  0:53  Probe (Chrono Boost)  
  17  0:56  Assimilator  
  18  1:05  Probe  
  19  1:17  Probe  
  20  1:21  Pylon  
  20  1:24  Cybernetics Core  
  20  1:30  Probe  
  21  1:46  Probe  
  22  1:54  Warp Gate (Chrono Boost)  
  22  2:00  Pylon, Stalker  
  24  2:11  Probe  
  25  2:19  Gateway  
  25  2:21  Gateway  
  25  2:30  Gateway x2  
  25  2:34  Pylon  
  25  3:16  Probe  
  26  3:28  Probe  
  26  3:29  Sentry  
  26  3:30  Stalker x3  
  33  3:36  Stalker  
  35  3:42  Pylon  
  35  3:48  Stalker  
  37  3:52  Stalker  
  37  3:55  Sentry  
  41  3:57  Sentry  
  41  4:26  Stalker x3  
  41  4:30  Zealot  
  48  4:56  Stalker x3  
Tags
 
Add a new tag
Caveats
  • Supply blocks, unpowered buildings, or Contaminate may cause inaccurate times.
  • Supply counts are checked every 10 seconds.